 Dungeon Crawl Stone Soup version 0.21-a0-50-g941c862 (webtiles) character file.

417 KristoblXynda the Magician (level 6, -1/45 HPs)
             Began as a Draconian Air Elementalist on June 11, 2017.
             Slain by an orc wizard
             ... wielding a +0 dagger
              (4 damage)
             ... on level 4 of the Dungeon.
             The game lasted 00:08:55 (3618 turns).

KristoblXynda the Magician (DrAE)                   Turns: 3618, Time: 00:08:56

Health: -1/45      AC:  8    Str: 10    XL:     6   Next: 61%
Magic:  2/12       EV: 12    Int: 17    God:
Gold:   202        SH:  0    Dex: 12    Spells: 12/13 levels left

rFire    . . .     SeeInvis .     - Unarmed
rCold    . . .     Gourm    .   (no shield)
rNeg     . . .     Faith    .   (armour unavailable)
rPois    +         Spirit   .   (helmet restricted)
rElec    .         Reflect  .   (no cloak)
rCorr    .         Harm     .   h - +0 pair of gloves
MR       .....                  c - +0 pair of boots
Stlth    +.........             (no amulet)
Regen    0.2/turn               i - ring of poison resistance
MPRegen  0.2/turn               (no ring)

@: confused
A: unfitting armour, cold-blooded, AC +6
a: no special abilities


You were on level 4 of the Dungeon.
You were not hungry.

You visited 1 branch of the dungeon, and saw 4 of its levels.

You collected 202 gold pieces.

Inventory:

Hand Weapons
 o - a +2 short sword of holy wrath
Armour
 c - a +0 pair of boots (worn)
 h - a +0 pair of gloves (worn)
Jewellery
 i - a ring of poison resistance (left hand)
Wands
 r - a wand of flame (27/48)
Scrolls
 d - 2 scrolls of remove curse
 e - a scroll of teleportation {unknown}
 f - a scroll of amnesia {unknown}
 g - a scroll of immolation {unknown}
 k - a scroll of blinking {unknown}
 l - a scroll of enchant armour {unknown}
 m - a scroll of identify
 n - a scroll of magic mapping {unknown}
 q - a scroll of noise {unknown}
Potions
 s - a potion of curing
Books
 a - a book of Air

   Spells                             Type                      Level
   a - Shock                          Conjuration/Air              1
   b - Swiftness                      Charms/Air                   2
   c - Static Discharge               Conjuration/Air              3
   d - Airstrike                      Air                          4
   e - Lightning Bolt                 Conjuration/Air              5
Comestibles
 b - 2 bread rations
 j - 2 chunks of flesh
 p - 2 meat rations


   Skills:
 - Level 1.7 Dodging
 - Level 1.7 Stealth
 + Level 3.6 Unarmed Combat
 + Level 4.0 Spellcasting
 + Level 4.0 Conjurations
 - Level 3.0 Air Magic


You had 12 spell levels left.
You knew the following spells:

 Your Spells              Type           Power        Failure   Level  Hunger
a - Shock                 Conj/Air       ###.         3%          1    None


Dungeon Overview and Level Annotations

Branches:
Dungeon (4/15)
 Temple: D:4-7

Altars:
Dithmenos
Elyvilon
Fedhas
Kikubaaqudgha
Qazlal
Ru
Sif Muna
Xom
The Shining One

Annotations:
D:3 KristoblXynda's ghost, amateur DgAr


Innate Abilities, Weirdness & Mutations

Your plain brown scales are hard. (AC +6)
You cannot fit into any form of body armour.
You are cold-blooded and may be slowed by cold attacks.


Message History

Press: ? - help, Shift-Dir - straight line, f/p - worm
Aim: a worm (lightly wounded)
The zap hits the worm.
The worm is heavily wounded.
Something hits you but does no damage. Something hits you.
Things that are here:
a club; a ring mail; an orc corpse You barely miss the worm.
The worm is heavily wounded.
The worm closely misses you.
You hear some strange, mumbled words.
You are confused.
You bump into the rock wall.
Something hits you.
* * * LOW HITPOINT WARNING * * *
The worm bites you!
* * * LOW HITPOINT WARNING * * *
You bump into the rock wall.
Something hits you but does no damage. Something hits you.
You die...

#.########.# ##.# #.# #.# #...
#)## ####.# #..# ## ...####.##.#
#..##.. ...........# #..##.#
...##......## #..##.#
......§)....###..##.#
..###..§§....##..##.# .###. ..#
###§#§...##.@##.##.....
..####§§.#.......)w)....#
....#.#.#§#....<###.###.#
.##..§.§§§§...### #.# #.#
.####§#§#§#...#####.###.##
...#.#.§§#...............#
.#.#.##§###...#####.###..#
....#.........#####.###..########
##.#.#######....................#


You could see a worm.

Vanquished Creatures
  An ogre (D:4)
  A hound (D:4)
  3 orc priests
  Terence (D:2)
  2 orc wizards
  2 worker ants (D:4)
  An adder (D:3)
  An ooze (D:1)
  2 dart slugs
  3 leopard geckos
  3 orcs
  2 ball pythons
  6 giant cockroaches
  11 goblins
  9 hobgoblins
  3 jackals (D:2)
  2 quokkas (D:2)
  6 bats
  7 frilled lizards
  6 kobolds
  3 rats
75 creatures vanquished.

Notes
Turn   | Place    | Note
-------+----------+-------------------------------------------
     0 | D:1      | KristoblXynda the Draconian Air Elementalist began the quest for the Orb.
     0 | D:1      | Reached XP level 1. HP: 14/14 MP: 3/3
   185 | D:1      | Reached XP level 2. HP: 16/20 MP: 5/5
   855 | D:2      | Found a glowing golden altar of the Shining One.
   877 | D:2      | Found a blossoming altar of Fedhas.
   921 | D:2      | Reached XP level 3. HP: 22/26 MP: 1/7
   962 | D:2      | Reached skill level 1 in Unarmed Combat
  1191 | D:2      | Noticed Terence
  1232 | D:2      | Killed Terence
  1232 | D:2      | Reached XP level 4. HP: 5/33 MP: 0/8
  2079 | D:3      | Noticed KristoblXynda's ghost (amateur DgAr)
  2215 | D:3      | Found an ancient bone altar of Kikubaaqudgha.
  2536 | D:3      | Reached XP level 5. HP: 38/38 MP: 3/9
  2683 | D:3      | Found a sacrificial altar of Ru.
  2684 | D:3      | Found a shimmering altar of Xom.
  2684 | D:3      | Found a stormy altar of Qazlal.
  2692 | D:3      | Found a white marble altar of Elyvilon.
  2692 | D:3      | Found a deep blue altar of Sif Muna.
  2892 | D:4      | Found a shadowy altar of Dithmenos.
  3232 | D:4      | Noticed an ogre
  3260 | D:4      | Killed an ogre
  3260 | D:4      | Reached XP level 6. HP: 17/45 MP: 1/11
  3618 | D:4      | Slain by an orc wizard

Vault maps used:
D:1:      dpeg_arrival_radiant
D:2:      grunt_temple_overflow_open, uniq_terence
D:3:      minmay_overflow_temple_hex, corexii_corridor_pit
D:4:      lemuel_upstairs_altar, grunt_dithmenos_smoke_and_mirrors,
          minmay_fire_ice_demons

Skill      XL: |  1  2  3  4  5  6 |
---------------+-------------------+-----
Conjurations   | 2 3 4 |  4.0
Unarmed Combat | 1 2 3 |  3.6
Spellcasting   | 3 4 |  4.0
Dodging        | |  1.7
Stealth        | |  1.7
Air Magic      | |  3.0

Action                   |  1- 3 |  4- 6 || total
-------------------------+-------+-------++-------
Melee: Unarmed           |   211 |   125 ||   336
       Tailslap          |    20 |    11 ||    31
       Punch             |     1 |       ||     1
 Cast: Shock             |    28 |    62 ||    90
  Use: Potion            |     3 |     2 ||     5
       Scroll            |       |     6 ||     6
 Stab: Sleeping          |     3 |     4 ||     7
       Distracted        |       |     1 ||     1
  Eat: Chunk             |     1 |     2 ||     3
       Bread ration      |       |     1 ||     1
       Royal jelly       |       |     1 ||     1
Armor: Skin              |    69 |    44 ||   113
Dodge: Dodged            |   139 |    89 ||   228
